AoeStats
← DiviumFuror.TTV

Arabia

510116433Analyzed
2v2 RM · 2d ago on Sep 29, 2026· 29m 24s· 4 players
Game mode
Random Map
Map size
Medium (4 player)
Population
200
Speed
Normal
Resources
Standard
Victory
Conquest
Starting age
Dark Age
Ending age
Imperial Age
RankedLock teamsTeams togetherTeam positionsShared explorationLock speedFull tech treeHidden civsTurbo modeCheats
Victory
Defeat
🇨🇭 Ethiopians · Switzerland
1089
+19
🇨🇭 Persians · Switzerland
1039
+21
🇨🇱 Aztecs · Chile
1188
-21
🇳🇮 Chinese · Nicaragua
1132
-19
ExxD96
0:31 Loom
9:15 Feudal Age
13:12 Bloodlines
15:59 Scale Barding Armor
16:34 Forging
22:30 Wheelbarrow
22:21 Double-Bit Axe
22:27 Horse Collar
25:43 Castle Age
25:22 Scale Mail Armor
26:54 Pikeman
TheRemover
7:32 Loom
10:15 Feudal Age
12:20 Forging
14:30 Scale Mail Armor
20:33 Castle Age
21:19 Padded Archer Armor
20:51 Eagle Warrior
22:46 Wheelbarrow
22:00 Gambesons
21:54 Pikeman
22:43 Squires
24:32 Chain Mail Armor
26:04 Double-Bit Axe
26:55 Horse Collar
27:13 Gold Mining
27:56 Fletching
1&8B2#gz73/12-AQW23'0
6:30 Loom
9:23 Feudal Age
10:31 Double-Bit Axe
14:16 Fletching
19:49 Padded Archer Armor
24:31 Castle Age
23:15 Gold Mining
24:41 Crossbowman
25:23 Bodkin Arrow
26:54 Ballistics
27:36 Thumb Ring
27:58 Leather Archer Armor
DiviumFuror.TTV
6:21 Loom
9:17 Feudal Age
10:43 Horse Collar
15:04 Double-Bit Axe
20:46 Castle Age
19:13 Scale Barding Armor
20:06 Forging
20:13 Bloodlines
21:31 Husbandry
22:47 Chain Barding Armor
23:24 Bow Saw
23:40 Gold Mining
Connection lost

Rejoining the realm…

Still unreachable

The connection could not be restored.

Session expired

The server has moved on; the page needs a fresh start.